[ PARTIDA AOE2 · #480688472 ]
1v1 RMMalayos vs Jurchens
Equipo del jugador · DERR
Equipo rival · VICT
[ ANÁLISIS DE REPETICIÓN · EXTRAÍDO DE LA PARTIDA GRABADA ]
Feudal
8:00
Castillos
16:41
Imperial
29:59
| APM promedio | 76.7 |
| APM pico | 115 |
| eAPM promedio | 31.1 |
| Aldeanos / militares | 110 / 64 |
Foco
⚔️ 21.2% · 🌾 78.8%
Karambit Warrior ×37 · Monk ×19 · Trebuchet (Packed) ×4 · Petard ×2 · Battering Ram ×2 · Unknown (1105) ×1
Feudal
10:59
Castillos
14:30
Imperial
30:03
| APM promedio | 33.6 |
| APM pico | 63 |
| eAPM promedio | 21.8 |
| Aldeanos / militares | 129 / 16 |
Foco
⚔️ 34.6% · 🌾 65.4%
Scout Cavalry ×6 · Monk ×6 · Unknown (1908) ×5 · Steppe Lancer ×3 · Trebuchet (Packed) ×1
Mapa de la partida
Recursos iniciales + cada clic de construcción. Líneas = muros · curvas = relieve. ◆ oro · ⬟ piedra · ● bayas · ✦ reliquia · ◌ hueco del cierre
Tu base· ✓ Cerrada en 16:41 · 0t muro · 2 puerta(s)
Base de JonSlow· ✓ Cerrada en 14:30 · 0t muro · 2 puerta(s)
Terreno inicial suavizado · ◌ = hueco del cierre detectado · pasá el cursor para detalles
Inputs por minuto
— My Melody - - JonSlow
Build order — My Melody
Primeras 150 de 274 acciones detectadas
| 0:02 | Crear | Villager (Male) |
| 0:02 | Crear | Villager (Male) |
| 0:02 | Crear | Villager (Male) |
| 0:02 | Crear | Villager (Male) |
| 0:03 | Crear | Villager (Male) |
| 0:04 | Construir | House |
| 0:05 | Construir | House |
| 1:27 | Crear | Villager (Male) |
| 1:52 | Crear | Villager (Male) |
| 2:24 | Construir | Lumber Camp |
| 2:28 | Crear | Villager (Male) |
| 2:49 | Crear | Villager (Male) |
| 3:09 | Crear | Villager (Male) |
| 3:28 | Crear | Villager (Male) |
| 3:45 | Crear | Villager (Male) |
| 3:53 | Construir | House |
| 4:04 | Crear | Villager (Male) |
| 4:37 | Crear | Villager (Male) |
| 4:45 | Crear | Villager (Male) |
| 4:47 | Construir | Mill |
| 5:08 | Crear | Villager (Male) |
| 5:36 | Crear | Villager (Male) |
| 6:00 | Crear | Villager (Male) |
| 6:41 | Investigar | Feudal Age |
| 6:58 | Construir | House |
| 7:47 | Crear | Villager (Male) |
| 8:00 | Edad | Edad Feudal |
| 8:02 | Investigar | Double-Bit Axe |
| 8:21 | Crear | Villager (Male) |
| 8:30 | Investigar | Horse Collar |
| 8:43 | Crear | Villager (Male) |
| 8:52 | Construir | House |
| 9:08 | Crear | Villager (Male) |
| 9:16 | Construir | Lumber Camp |
| 9:20 | Crear | Villager (Male) |
| 9:42 | Crear | Villager (Male) |
| 9:44 | Construir | Farm |
| 9:49 | Construir | House |
| 9:57 | Crear | Villager (Male) |
| 10:08 | Crear | Villager (Male) |
| 10:10 | Construir | Farm |
| 10:20 | Construir | Farm |
| 10:22 | Construir | Farm |
| 10:32 | Crear | Villager (Male) |
| 10:36 | Construir | Farm |
| 10:45 | Construir | Farm |
| 10:48 | Crear | Villager (Male) |
| 11:06 | Construir | Mining Camp |
| 11:19 | Crear | Villager (Male) |
| 11:23 | Construir | Mining Camp |
| 11:49 | Construir | Market |
| 11:59 | Construir | House |
| 12:15 | Construir | Farm |
| 12:19 | Construir | Farm |
| 12:32 | Crear | Villager (Male) |
| 12:42 | Construir | Blacksmith |
| 13:00 | Crear | Villager (Male) |
| 13:02 | Construir | Farm |
| 13:10 | Investigar | Wheelbarrow |
| 13:38 | Construir | Farm |
| 14:27 | Crear | Villager (Male) |
| 14:49 | Investigar | Castle Age |
| 16:26 | Crear | Villager (Male) |
| 16:41 | Edad | Edad de los Castillos |
| 16:42 | Investigar | Bow Saw |
| 16:43 | Investigar | Heavy Plow |
| 16:46 | Construir | Monastery |
| 16:52 | Construir | Castle |
| 17:04 | Crear | Villager (Male) |
| 17:17 | Investigar | Gold Mining |
| 17:18 | Crear | Monk |
| 17:25 | Crear | Villager (Male) |
| 17:39 | Construir | Farm |
| 17:45 | Crear | Villager (Male) |
| 18:00 | Construir | House |
| 18:03 | Crear | Villager (Male) |
| 18:09 | Crear | Karambit Warrior |
| 18:09 | Crear | Karambit Warrior |
| 18:10 | Crear | Karambit Warrior |
| 18:10 | Crear | Karambit Warrior |
| 18:25 | Crear | Karambit Warrior |
| 18:25 | Crear | Karambit Warrior |
| 18:29 | Construir | Farm |
| 18:33 | Construir | Farm |
| 18:33 | Construir | Farm |
| 18:36 | Crear | Villager (Male) |
| 18:38 | Construir | Town Center |
| 18:39 | Crear | Karambit Warrior |
| 18:49 | Crear | Villager (Male) |
| 18:58 | Crear | Karambit Warrior |
| 19:13 | Crear | Karambit Warrior |
| 19:13 | Crear | Karambit Warrior |
| 19:20 | Crear | Monk |
| 19:22 | Crear | Villager (Male) |
| 19:27 | Construir | Farm |
| 19:27 | Construir | Farm |
| 19:28 | Construir | Farm |
| 19:28 | Crear | Villager (Male) |
| 19:29 | Crear | Villager (Male) |
| 19:39 | Crear | Villager (Male) |
| 20:04 | Crear | Petard |
| 20:04 | Crear | Petard |
| 20:08 | Construir | Farm |
| 20:09 | Construir | Farm |
| 20:10 | Construir | Farm |
| 20:10 | Construir | Farm |
| 20:10 | Construir | Farm |
| 20:18 | Crear | Villager (Male) |
| 20:24 | Crear | Karambit Warrior |
| 20:28 | Construir | Farm |
| 20:50 | Crear | Karambit Warrior |
| 20:51 | Crear | Karambit Warrior |
| 20:51 | Crear | Karambit Warrior |
| 20:51 | Crear | Karambit Warrior |
| 20:52 | Crear | Karambit Warrior |
| 20:55 | Crear | Villager (Male) |
| 21:08 | Crear | Villager (Male) |
| 21:13 | Crear | Villager (Male) |
| 21:23 | Crear | Villager (Male) |
| 21:37 | Investigar | Loom |
| 21:42 | Crear | Karambit Warrior |
| 22:07 | Crear | Villager (Male) |
| 22:14 | Crear | Villager (Male) |
| 22:17 | Construir | Town Center |
| 22:18 | Crear | Villager (Male) |
| 22:29 | Construir | House |
| 22:29 | Construir | House |
| 22:30 | Crear | Villager (Male) |
| 22:35 | Crear | Villager (Male) |
| 22:43 | Crear | Villager (Male) |
| 22:58 | Crear | Villager (Male) |
| 23:04 | Crear | Villager (Male) |
| 23:06 | Crear | Karambit Warrior |
| 23:06 | Crear | Karambit Warrior |
| 23:06 | Crear | Karambit Warrior |
| 23:07 | Crear | Karambit Warrior |
| 23:10 | Construir | Siege Workshop |
| 23:10 | Construir | Siege Workshop |
| 23:12 | Crear | Villager (Male) |
| 23:19 | Crear | Villager (Male) |
| 23:23 | Construir | Siege Workshop |
| 23:25 | Crear | Villager (Male) |
| 23:36 | Crear | Villager (Male) |
| 23:51 | Crear | Monk |
| 23:53 | Crear | Villager (Male) |
| 24:00 | Crear | Battering Ram |
| 24:01 | Crear | Battering Ram |
| 24:02 | Crear | Villager (Male) |
| 24:19 | Crear | Unit 1105 |
| 24:20 | Crear | Villager (Male) |
Build order — JonSlow
Primeras 150 de 277 acciones detectadas
| 0:01 | Crear | Villager (Male) |
| 0:01 | Crear | Villager (Male) |
| 0:02 | Crear | Villager (Male) |
| 0:02 | Crear | Villager (Male) |
| 0:02 | Crear | Villager (Male) |
| 0:04 | Construir | House |
| 0:07 | Construir | House |
| 1:25 | Crear | Villager (Male) |
| 1:48 | Crear | Villager (Male) |
| 1:49 | Crear | Villager (Male) |
| 1:57 | Construir | Lumber Camp |
| 2:02 | Crear | Villager (Male) |
| 2:31 | Crear | Villager (Male) |
| 3:01 | Crear | Villager (Male) |
| 3:21 | Crear | Villager (Male) |
| 3:25 | Construir | House |
| 3:51 | Crear | Villager (Male) |
| 3:51 | Crear | Villager (Male) |
| 4:15 | Crear | Villager (Male) |
| 4:40 | Construir | House |
| 4:44 | Crear | Villager (Male) |
| 4:44 | Crear | Villager (Male) |
| 4:45 | Crear | Villager (Male) |
| 5:29 | Construir | Mill |
| 5:36 | Crear | Villager (Male) |
| 5:37 | Crear | Villager (Male) |
| 5:37 | Crear | Villager (Male) |
| 5:37 | Crear | Villager (Male) |
| 6:07 | Crear | Villager (Male) |
| 6:50 | Crear | Villager (Male) |
| 6:51 | Crear | Villager (Male) |
| 7:12 | Construir | Lumber Camp |
| 7:42 | Crear | Villager (Male) |
| 7:42 | Crear | Villager (Male) |
| 8:49 | Investigar | Feudal Age |
| 8:54 | Construir | Mining Camp |
| 9:00 | Construir | House |
| 9:46 | Construir | Barracks |
| 9:52 | Crear | Villager (Male) |
| 9:52 | Crear | Villager (Male) |
| 10:59 | Edad | Edad Feudal |
| 11:05 | Construir | Stable |
| 11:06 | Construir | Blacksmith |
| 11:24 | Investigar | Double-Bit Axe |
| 11:50 | Investigar | Castle Age |
| 11:56 | Construir | House |
| 11:57 | Construir | House |
| 12:11 | Crear | Scout Cavalry |
| 12:24 | Investigar | Horse Collar |
| 12:36 | Construir | Farm |
| 12:42 | Crear | Scout Cavalry |
| 12:55 | Construir | Farm |
| 13:04 | Construir | Farm |
| 13:24 | Crear | Scout Cavalry |
| 13:51 | Construir | Farm |
| 13:55 | Construir | Farm |
| 13:56 | Construir | Farm |
| 14:14 | Crear | Villager (Male) |
| 14:29 | Crear | Villager (Male) |
| 14:30 | Edad | Edad de los Castillos |
| 14:33 | Construir | Monastery |
| 14:59 | Crear | Villager (Male) |
| 15:02 | Construir | Farm |
| 15:06 | Crear | Monk |
| 15:07 | Crear | Monk |
| 15:13 | Construir | House |
| 15:24 | Investigar | Light Cavalry (upgrade) |
| 15:31 | Crear | Villager (Male) |
| 15:37 | Crear | Monk |
| 15:39 | Construir | Farm |
| 15:40 | Construir | Farm |
| 15:41 | Construir | Farm |
| 15:45 | Construir | Farm |
| 15:47 | Crear | Villager (Male) |
| 15:57 | Construir | Farm |
| 15:58 | Construir | Farm |
| 16:24 | Crear | Villager (Male) |
| 16:27 | Construir | House |
| 16:27 | Crear | Villager (Male) |
| 16:47 | Investigar | Bow Saw |
| 16:48 | Investigar | Bow Saw |
| 16:57 | Crear | Monk |
| 17:03 | Crear | Villager (Male) |
| 17:09 | Construir | Town Center |
| 17:13 | Crear | Villager (Male) |
| 17:20 | Construir | House |
| 17:34 | Crear | Villager (Male) |
| 17:46 | Crear | Villager (Male) |
| 17:57 | Construir | House |
| 17:58 | Crear | Villager (Male) |
| 18:12 | Construir | Town Center |
| 18:14 | Crear | Villager (Male) |
| 18:27 | Crear | Villager (Male) |
| 18:35 | Crear | Villager (Male) |
| 18:35 | Crear | Villager (Male) |
| 18:45 | Construir | House |
| 18:46 | Crear | Villager (Male) |
| 18:48 | Construir | Farm |
| 18:50 | Construir | Farm |
| 19:02 | Construir | Farm |
| 19:22 | Crear | Scout Cavalry |
| 19:26 | Crear | Villager (Male) |
| 19:26 | Crear | Villager (Male) |
| 19:27 | Crear | Villager (Male) |
| 19:31 | Crear | Villager (Male) |
| 19:36 | Investigar | Sanctity |
| 19:43 | Construir | Farm |
| 19:43 | Construir | Farm |
| 19:45 | Construir | Farm |
| 19:46 | Construir | Farm |
| 19:55 | Crear | Villager (Male) |
| 19:55 | Crear | Villager (Male) |
| 20:02 | Crear | Villager (Male) |
| 20:24 | Crear | Villager (Male) |
| 20:24 | Crear | Villager (Male) |
| 20:25 | Crear | Monk |
| 20:28 | Construir | Farm |
| 20:29 | Construir | Farm |
| 20:54 | Crear | Villager (Male) |
| 20:54 | Crear | Villager (Male) |
| 20:57 | Crear | Monk |
| 20:58 | Crear | Scout Cavalry |
| 21:07 | Crear | Villager (Male) |
| 21:07 | Crear | Villager (Male) |
| 21:22 | Crear | Villager (Male) |
| 21:23 | Crear | Villager (Male) |
| 21:23 | Crear | Villager (Male) |
| 21:34 | Crear | Villager (Male) |
| 21:35 | Crear | Villager (Male) |
| 21:35 | Crear | Villager (Male) |
| 21:38 | Construir | Mining Camp |
| 22:03 | Crear | Villager (Male) |
| 22:04 | Crear | Villager (Male) |
| 22:09 | Construir | House |
| 22:14 | Crear | Villager (Male) |
| 22:14 | Crear | Villager (Male) |
| 22:28 | Crear | Villager (Male) |
| 22:28 | Crear | Villager (Male) |
| 22:28 | Crear | Villager (Male) |
| 22:33 | Crear | Villager (Male) |
| 22:33 | Crear | Villager (Male) |
| 22:39 | Construir | Mill |
| 22:40 | Construir | Farm |
| 22:40 | Construir | Farm |
| 22:40 | Construir | Farm |
| 22:41 | Construir | Farm |
| 22:41 | Construir | Farm |
| 22:41 | Construir | Farm |
| 22:41 | Construir | Farm |
| 22:42 | Construir | Farm |
Cronología de la partida
| 8:00 | My Melody · age_up feudal |
| 9:46 | JonSlow · first_building Barracks |
| 10:59 | JonSlow · age_up feudal |
| 11:05 | JonSlow · first_building Stable |
| 14:30 | JonSlow · age_up castle |
| 14:33 | JonSlow · first_building Monastery |
| 14:42 | My Melody · first_market_sell 100 wood |
| 14:43 | My Melody · first_market_buy 100 food |
| 16:41 | My Melody · age_up castle |
| 16:46 | My Melody · first_building Monastery |
| 16:52 | My Melody · first_building Castle |
| 23:10 | JonSlow · wall_segment Stone Wall x1 |
| 23:10 | My Melody · first_building Siege Workshop |
| 23:14 | JonSlow · wall_segment Stone Wall x1 |
| 25:02 | JonSlow · wall_segment Stone Wall x4 |
| 25:30 | JonSlow · first_market_buy 100 stone |
| 25:33 | JonSlow · wall_segment Stone Wall x1 |
| 25:42 | JonSlow · first_building Castle |
| 25:49 | JonSlow · wall_segment Stone Wall x1 |
| 27:51 | JonSlow · wall_segment Stone Wall x2 |
| 27:53 | JonSlow · wall_segment Stone Wall x1 |
| 29:59 | My Melody · age_up imperial |
| 30:03 | JonSlow · age_up imperial |
| 31:50 | My Melody · resign |
[ ANÁLISIS IA · 1 CRÉDITO ]
¿Qué pasó realmente en esta partida?
Wolo.gg analiza cada decisión: build order, eco, micro, errores típicos por bracket. Análisis personalizado por WhatsApp o Discord en 30 segundos.
Guía civ
Malayos
Guía mapa
Arena
Perfil
Jugador #14448779